 Dungeon Sprint DCSS version 0.28.0-1-gb440e238dd (webtiles) character file.

Game seed: 10960419416241795344

3672 boopmooplesden the Cleaver (level 9, -5/133 HPs)
             Began as a Minotaur Fighter on Feb 22, 2022.
             Was an Elder of Okawaru.
             Slain by a vampire mosquito (11 damage)
             ... summoned by an oklob plant summoner
             ... in the Dungeon (Sprint IV: "Fedhas' Mad Dash").
             The game lasted 00:08:11 (2427 turns).

boopmooplesden the Cleaver (Minotaur Fighter)       Turns: 2427, Time: 00:08:12

Health: -5/133     AC: -1    Str: 22    XL:     9   Next: 89%
Magic:  9/9        EV: 11    Int:  5    God:    Okawaru [****..]
Gold:   97         SH:  0    Dex: 13    Spells: 8/8 levels left

rFire   . . .      SeeInvis .   a - +2 lajatang (venom)
rCold   . . .      Faith    .   (shield currently unavailable)
rNeg    . . .      Spirit   .   j - +1 scale mail
rPois   .          Reflect  .   (helmet restricted)
rElec   .          Harm     .   (no cloak)
rCorr   .          Rampage  .   (no gloves)
Will    .....      NoTele   +   (no boots)
Stlth   ..........              d - amulet of invisibility {+Inv}
HPRegen 0.32/turn               (no ring)
MPRegen 0.11/turn               (no ring)

@: berserking, corroded, very slightly contaminated, very quick
A: horns 2, retaliatory headbutt
a: Renounce Religion, Evoke Invisibility, Heroism, Finesse


You were in the Dungeon.
You worshipped Okawaru.
Okawaru was greatly pleased with you.
You visited 1 branch You collected 209 gold pieces.
You spent 112 gold pieces at shops.

Inventory:

Hand Weapons
 a - a +2 lajatang of venom (weapon)
 b - a +0 fustibalus of freezing
 l - a +1 war axe
Missiles
 k - 38 stones (quivered)
 n - 20 sling bullets
Armour
 c - a +0 buckler
 j - a +1 scale mail (worn)
Jewellery
 d - the amulet of invisibility (around neck) {+Inv}
   (You found it in the Dungeon)

   [amulet of nothing]

   +Inv:      It lets you turn invisible.
Scrolls
 m - a scroll of identify
Potions
 g - a potion of haste
 h - 2 potions of magic


   Skills:
 + Level 11.3 Fighting
 + Level 12.8 Axes
 + Level 2.4 Staves
 + Level 8.0 Slings
 + Level 11.5 Armour
 + Level 3.0 Dodging
 + Level 6.8 Stealth
 + Level 9.8 Shields
 + Level 2.1 Invocations
 + Level 8.2 Evocations


You had 8 spell levels left.
You didn't know any spells.
Your spell library contained the following spells:

 Spells                   Type           Power      Damage    Failure   Level
 Ignite Poison            Fire/Tmut/Pois 0%         N/A       98%         3
 Inner Flame              Hex/Fire       0%         N/A       98%         3
 Mephitic Cloud           Conj/Pois/Air  0%         N/A       98%         3
 Fireball                 Conj/Fire      0%         3d3       100%        5
 Freezing Cloud           Conj/Ice/Air   0%         6-21      100%        5
 Ignition                 Fire           0%         3d3       100%        8


Dungeon Overview and Level Annotations

Branches:
Dungeon (1/1)

Altars:
Cheibriados
Dithmenos
Elyvilon
Gozag
Hepliaklqana
Kikubaaqudgha
Makhleb
Nemelex Xobeh
Okawaru
Qazlal
Ru
Sif Muna
Trog
Uskayaw
Vehumet
Wu Jian
Xom
Yredelemnul
Zin
The Shining One
Beogh
Jiyva
Lugonu

Shops:
D [??:

Annotations:
D exclusion: 2 oklob plants


Innate Abilities, Weirdness & Mutations

You have a pair of horns on your head.
You reflexively headbutt those who attack you in melee.


Message History

The splash of acid hits you!! The acid corrodes you!
Your Staves skill increases to level 2!
Your Slings skill increases to level 8!
Your Evocations skill increases to level 8!
You feel much better.
The oklob plant shifter spits acid at you.
The splash of acid hits you!
Okay, then.
The oklob plant summoner casts a spell.
The oklob plant summoner spits acid at you.
The splash of acid hits you!!
* * * LOW HITPOINT WARNING * * *
The acid corrodes you!
You see here 19 sling bullets.
The oklob plant summoner mumbles some strange words.
The oklob plant shifter spits acid at you.
The splash of acid hits you!!
* * * LOW HITPOINT WARNING * * *
The acid corrodes you!
The oklob plant summoner mumbles some strange words.
The crimson imp blinks!
There is an open door here.
You see here a +0 scale mail.
There's a creature in the doorway!
The vampire mosquito closely misses you.
You furiously retaliate!
You headbutt the vampire mosquito.
The crimson imp blinks!
The vampire mosquito closely misses you.
There is an open door here.
The vampire mosquito barely misses you. You furiously retaliate!
You headbutt the vampire mosquito, but do no damage.
There's a creature in the doorway!
You feel better. The vampire mosquito bites you!
* * * LOW HITPOINT WARNING * * *
The vampire mosquito draws strength from your injuries!
The shadow imp grins evilly.
A red film seems to cover your vision as you go berserk!
You feel yourself moving faster!
You feel mighty!
The vampire mosquito completely misses you.
You barely miss the vampire mosquito. The vampire mosquito bites you!
You die...

#################################
...#.⌠._._._._.⌠.#..')..#....##∩#
.[.'.._._._._._..'..#)..#....'..#
...#..._._._._...#..###'##...##∩#
#'##.._._._._._..#..##∩∩.'...####
...#._._._._._.⌠.#############
...###################....()#
####♣♣♣♣♣..♣(###@y5yy5.(..)[+
..'......♣..♣##.y#.y#......P#
..#♣..♣♣♣.♣).###.##+##.P.P..#
..#.♣♣..♣...♣'...# ######## ####
#############


You could see a hornet (summoned), 4 vampire mosquitoes, a crimson imp
(summoned) and a shadow imp (summoned).

Vanquished Creatures
  A spriggan druid (D)
  4 oklob plants (D)
  A queen bee (D)
  3 burning bushes (D)
  3 wandering mushrooms (D)
  3 scorpions (D)
  4 killer bees (D)
  5 oklob saplings (D)
  2 spriggans (D)
  A river rat (D)
  A rat (D)
  A ballistomycete spore (D)
29 creatures vanquished.

Vanquished Creatures (others)
  4 fungi (D)
4 creatures vanquished.

Grand Total: 33 creatures vanquished

Notes
Turn   | Place    | Note
-------+----------+-------------------------------------------
     0 | D        | boopmooplesden the Minotaur Fighter began the quest for the
                  | Orb.
     0 | D        | Reached XP level 1. HP: 19/19 MP: 0/0
    12 | D        | Reached XP level 2. HP: 11/28 MP: 1/1
   197 | D        | Noticed a scorpion
   197 | D        | Found the amulet of invisibility {+Inv}
   200 | D        | Killed a scorpion
   201 | D        | Reached skill level 3 in Axes
   201 | D        | Reached XP level 3. HP: 30/37 MP: 2/2
   228 | D        | Noticed an oklob sapling
   232 | D        | Killed an oklob sapling
   233 | D        | Reached skill level 4 in Axes
   233 | D        | Reached XP level 4. HP: 26/45 MP: 0/3
   355 | D        | Found an opulent altar of Gozag.
   355 | D        | Found a hazy altar of Hepliaklqana.
   355 | D        | Found a snail-covered altar of Cheibriados.
   359 | D        | Found a viscous altar of Jiyva.
   359 | D        | Found a burning altar of Makhleb.
   359 | D        | Found a sparkling altar of Nemelex Xobeh.
   359 | D        | Found a sacrificial altar of Ru.
   359 | D        | Found a shimmering blue altar of Sif Muna.
   359 | D        | Found a bloodstained altar of Trog.
   359 | D        | Found an ornate altar of the Wu Jian Council.
   359 | D        | Found a shimmering altar of Xom.
   359 | D        | Found a basalt altar of Yredelemnul.
   360 | D        | Found an iron altar of Okawaru.
   360 | D        | Found a shadowy altar of Dithmenos.
   360 | D        | Found a glowing silver altar of Zin.
   361 | D        | Found an ancient bone altar of Kikubaaqudgha.
   361 | D        | Found a hide-covered altar of Uskayaw.
   362 | D        | Found a stormy altar of Qazlal.
   362 | D        | Found a white marble altar of Elyvilon.
   362 | D        | Found a glowing golden altar of the Shining One.
   363 | D        | Found a corrupted altar of Lugonu.
   363 | D        | Found a radiant altar of Vehumet.
   374 | D        | Reached skill level 1 in Evocations
   374 | D        | Reached XP level 5. HP: 24/52 MP: 2/4
   376 | D        | Became a worshipper of Warmaster Okawaru
   549 | D        | Reached skill level 5 in Axes
   574 | D        | Reached skill level 6 in Axes
   574 | D        | Reached XP level 6. HP: 45/62 MP: 2/5
   579 | D        | Found Togrim's Magic Scroll Shop.
   579 | D        | Found Okladuh's Antique Armour Emporium.
   668 | D        | Reached skill level 1 in Dodging
   801 | D        | Noticed a burning bush
   801 | D        | Noticed a wandering mushroom
   801 | D        | Noticed a wandering mushroom
   813 | D        | Killed a wandering mushroom
   814 | D        | Reached skill level 7 in Axes
   814 | D        | Reached skill level 1 in Stealth
   826 | D        | Reached * piety under Okawaru
  1084 | D        | Killed a wandering mushroom
  1085 | D        | Reached skill level 8 in Axes
  1085 | D        | Reached skill level 10 in Armour
  1085 | D        | Reached XP level 7. HP: 68/70 MP: 6/6
  1098 | D        | Killed a burning bush
  1099 | D        | Reached skill level 9 in Axes
  1099 | D        | Reached skill level 5 in Evocations
  1278 | D        | Found Ybinuim's Magic Scroll Shoppe.
  1279 | D        | Found Mosoucvu's Book Emporium.
  1283 | D        | Got Duit's Incunabulum of Confrontation and Ignition
  1301 | D        | Bought a scroll of identify for 22 gold pieces
  1313 | D        | Bought a scroll of enchant armour for 90 gold pieces
  1354 | D        | Noticed a queen bee
  1363 | D        | Reached skill level 10 in Axes
  1374 | D        | Killed a queen bee
  1374 | D        | Reached ** piety under Okawaru
  1375 | D        | Reached XP level 8. HP: 31/79 MP: 2/7
  1639 | D        | Noticed an oklob plant
  1649 | D        | Killed an oklob plant
  1650 | D        | Reached skill level 10 in Fighting
  1650 | D        | Reached skill level 11 in Axes
  1650 | D        | Reached skill level 5 in Stealth
  1650 | D        | Reached skill level 1 in Invocations
  1896 | D        | Noticed a burning bush
  1906 | D        | Killed a burning bush
  1906 | D        | Reached *** piety under Okawaru
  1907 | D        | Reached skill level 12 in Axes
  1999 | D        | Noticed a burning bush
  1999 | D        | Noticed an oklob plant
  2014 | D        | Killed a burning bush
  2015 | D        | Reached skill level 1 in Slings
  2015 | D        | Reached XP level 9. HP: 75/85 MP: 5/9
  2033 | D        | Killed an oklob plant
  2033 | D        | Reached **** piety under Okawaru
  2035 | D        | Noticed a wandering mushroom
  2041 | D        | Killed a wandering mushroom
  2042 | D        | Reached skill level 5 in Slings
  2154 | D        | Noticed a spriggan druid
  2158 | D        | Killed a spriggan druid
  2158 | D        | Received a gift from Okawaru
  2315 | D        | Noticed an oklob plant conjurer
  2318 | D        | Killed an oklob plant conjurer
  2319 | D        | Reached skill level 1 in Staves
  2400 | D        | Noticed an oklob plant
  2400 | D        | Noticed an oklob plant summoner
  2401 | D        | Noticed an oklob plant shifter
  2413 | D        | Killed an oklob plant
  2413 | D        | Received a gift from Okawaru
  2425 | D        | HP: 3/89 [vampire mosquito[an oklob plant summoner] (11)]
  2427 | D        | Slain by a vampire mosquito

Illustrated notes

Levels and vault maps discovered:
D:        dungeon_sprint_fedhas [sprint_temple]

Skill      XL: |  1  2  3  4  5  6  7  8  9 |
---------------+----------------------------+-----
Fighting       | 4 6 7 8 9 10 11 | 11.3
Armour         | 4 6 7 8 10 11 | 11.5
Shields        | 4 6 7 8 9 |  9.8
Axes           | 3 4 6 8 10 12 | 12.8
Evocations     | 1 3 4 6 8 |  8.2
Dodging        | 1 2 3 |  3.0
Stealth        | 1 3 6 |  6.8
Invocations    | 1 2 |  2.1
Slings         | 1 8 |  8.0
Staves         | 2 |  2.4

Action                   |  1- 3 |  4- 6 |  7- 9 || total
-------------------------+-------+-------+-------++-------
Melee: War axe           |    12 |    39 |    38 ||    89
       Headbutt          |     5 |    10 |    17 ||    32
       Lajatang          |       |       |    16 ||    16
 Fire: Fustibalus        |       |       |    29 ||    29
Invok: Heroism           |       |       |     5 ||     5
 Abil: Evoke Invisibilit |     1 |     5 |     8 ||    14
  Use: Scroll            |     1 |       |     3 ||     4
       Potion            |     1 |       |     3 ||     4
 Stab: Invisible         |       |     2 |    13 ||    15
       Sleeping          |       |       |     2 ||     2
Armor: Scale mail        |     1 |     6 |     5 ||    12
Dodge: Dodged            |     4 |    21 |    25 ||    50
Block: Buckler           |       |     6 |    11 ||    17
